 Dungeon Crawl Stone Soup version 0.31.0 (webtiles) character file.

Game seed: 598431967764977702

601 qw the Shooter (level 7, -2/43 HPs)
             Began as a Gargoyle Hunter on Jan 19, 2024.
             Slain by a black bear (6 damage)
             ... on level 5 of the Dungeon.
             The game lasted 00:00:17 (3306 turns).

qw the Shooter (Gargoyle Hunter)                    Turns: 3306, Time: 00:00:17

Health: -2/43      AC: 10    Str: 14    XL:     7   Next: 41%
Magic:  7/7        EV: 11    Int: 10    God:
Gold:   98         SH:  0    Dex: 15    Spells: 6/6 levels left

rFire   . . .        a - +0 shortbow
rCold   . . .        (shield currently unavailable)
rNeg    + . .        b - +0 ring mail
rPois   inf          (no helmet)
rElec   +            (no cloak)
rCorr   .            (no gloves)
SInv    .            (no boots)
Will    .....        c - amulet of faith
Stlth   +            (no ring)
HPRegen 0.27/turn    (no ring)
MPRegen 0.10/turn

%: faith
@: no status effects
A: sickness immunity, AC +4, negative energy resistance 1, electricity
resistance, torment resistance 1, petrification resistance
a: no special abilities


You were on level 5 of the Dungeon.
You visited 2 branches of the dungeon, and saw 6 of its levels.

You collected 98 gold pieces.


Innate Abilities, Weirdness & Mutations

You are immune to sickness and miasma.
Your stone body is resilient. (AC +4)
You are immune to poison.
You resist negative energy. (rN+)
You are resistant to electric shocks. (rElec)
You are resistant to unholy torment.
You are immune to petrification.


   Skills:
 - Level 4.1 Fighting
 + Level 6.8 Ranged Weapons
 - Level 4.5 Armour
 - Level 1.5 Dodging
 - Level 1.1 Stealth


You had 6 spell levels left.
You didn't know any spells.
Your spell library was empty.

Inventory:

Hand Weapons
 a - a +0 shortbow (weapon)
Armour
 b - a +0 ring mail (worn)
Jewellery
 c - an amulet of faith (around neck)
Wands
 j - a wand of charming (6)
Scrolls
 g - a scroll of teleportation
 h - a scroll of fear {unknown}
Potions
 d - a potion of might
 e - 3 potions of mutation
 f - 2 potions of curing

Dungeon Overview and Level Annotations

Branches:
Dungeon (5/15)             Temple (1/1) D:4

Altars:
Ashenzari
Cheibriados
Dithmenos
Elyvilon
Fedhas
Gozag
Hepliaklqana
Kikubaaqudgha
Makhleb
Nemelex Xobeh
Qazlal
Ru
Sif Muna
Trog
Uskayaw
Vehumet
Wu Jian
Xom
Yredelemnul
Zin
The Shining One

Shops:
D:4 *


Message History

You shoot an arrow.
The arrow closely misses the black bear.
The black bear bites you.
The black bear claws you but does no damage.
The black bear claws you. The orc hits you but does no damage.
The orc closely misses you. The black bear closely misses you.
The black bear claws you but does no damage.
The black bear claws you. The orc hits you but does no damage.
The orc hits you with a +0 whip.
You shoot an arrow. The arrow hits the black bear.
The black bear is heavily wounded.
The orc hits you with a +0 whip. The black bear closely misses you.
The black bear barely misses you. x2; The orc hits you but does no damage.
You shoot an arrow.
The arrow hits the black bear but does no damage.
The black bear is heavily wounded.
The orc hits you but does no damage.
The black bear bites you but does no damage.
The black bear claws you but does no damage. x2
The orc hits you with a +0 short sword.
You shoot an arrow. The arrow hits the black bear.
The black bear is heavily wounded.
The black bear bites you but does no damage.
The black bear claws you but does no damage. x2
The orc barely misses you. The orc closely misses you.
You shoot an arrow. The arrow hits the black bear.
The black bear is severely wounded.
The black bear misses you. The black bear claws you.
The black bear claws you but does no damage.
The orc hits you but does no damage. The orc closely misses you.
You shoot an arrow. The arrow hits the black bear.
The black bear is almost dead.
The black bear goes berserk!
The orc hits you with a +0 whip. The orc hits you but does no damage.
Enter note:
Enter note:
3306 ||| RETREEEEATING.
The black bear bites you! The black bear barely misses you.
The black bear claws you.
You die...

#.#........ #..........
#.......... #
####.........
#.###########.....)......
........................
#....####..............
.##.............#........
......oo@..[##.###.....#.
##....h...<.....########
#....#######.#... #....
..##### #.... .## ......
## ##..##. ##. .. . ..


You could see a black bear (berserk) and 2 orcs.

Vanquished Creatures
  Sigmund (D:2)
  An ogre (D:5)
  A hound (D:4)
  An orc priest (D:4)
  A bombardier beetle (D:5)
  A gnoll bouda (D:5)
  A jelly (D:3)
  An iguana (D:4)
  6 gnolls
  4 adders
  4 dart slugs
  3 ribbon worms
  5 orcs
  2 ball pythons
  2 bats
  4 endoplasms
  3 giant cockroaches
  6 goblins
  12 hobgoblins
  5 jackals
  2 quokkas
  6 frilled lizards
  4 kobolds
  4 rats
80 creatures vanquished.

Notes
Turn   | Place    | Note
-------+----------+-------------------------------------------
     0 | D:1      | qw the Gargoyle Hunter began the quest for the Orb.
     0 | D:1      | Reached XP level 1. HP: 12/12 MP: 1/1
     0 | D:1      | 0 ||| qw: Version: 0.3-a-132-g3d54051
     0 | D:1      | 0 ||| qw: Game counter: 25
     0 | D:1      | 0 ||| qw: Melee chars always use a shield: true
     0 | D:1      | 0 ||| qw: God list: Okawaru
     0 | D:1      | 0 ||| qw: Allow faded altars: false
     0 | D:1      | 0 ||| qw: Do Orc after clearing Dungeon:15 true
     0 | D:1      | 0 ||| qw: Do second Lair branch before Depths: true
     0 | D:1      | 0 ||| qw: Lair rune preference: random
     0 | D:1      | 0 ||| qw: Goals: Normal
     0 | D:1      | 0 ||| PLANNING D:1-11
   141 | D:1      | Reached XP level 2. HP: 17/17 MP: 2/2
   340 | D:1      | Reached skill level 5 in Ranged Weapons
   340 | D:1      | Reached XP level 3. HP: 15/21 MP: 3/3
   721 | D:1      | 721 ||| READING scroll labelled CANGOH GODDIGG.
   722 | D:1      | 722 ||| READING scroll labelled CEIXTAUFEK.
   737 | D:1      | 737 ||| READING scroll labelled DIFIUHI ENIDA.
   741 | D:1      | 741 ||| DRINKING 2 grey potions.
   742 | D:1      | 742 ||| DROPPING scroll of butterflies.
   767 | D:2      | 767 ||| STAIRDANCE
   844 | D:2      | Found a shimmering blue altar of Sif Muna.
   890 | D:2      | Noticed Sigmund
   892 | D:2      | 892 ||| FLEEEEING.
   893 | D:2      | 893 ||| FLEEEEING.
   894 | D:2      | 894 ||| FLEEEEING.
   895 | D:2      | 895 ||| FLEEEEING.
   896 | D:2      | 896 ||| FLEEEEING.
   897 | D:2      | 897 ||| FLEEEEING.
   898 | D:2      | 898 ||| FLEEEEING.
   899 | D:2      | 899 ||| FLEEEEING.
   900 | D:2      | 900 ||| FLEEEEING.
   901 | D:2      | 901 ||| STAIRDANCE
   950 | D:1      | 950 ||| UPGRADING to +0 ring mail.
   960 | D:1      | 960 ||| DROPPING +0 leather armour.
   961 | D:1      | 961 ||| READING scroll labelled VIODIC RUVE.
   970 | D:2      | 970 ||| STAIRDANCE
   991 | D:2      | 991 ||| STAIRDANCE
  1035 | D:2      | 1035 ||| STAIRDANCE
  1037 | D:2      | 1037 ||| STAIRDANCE
  1039 | D:2      | 1039 ||| STAIRDANCE
  1041 | D:2      | 1041 ||| STAIRDANCE
  1102 | D:2      | Killed Sigmund
  1103 | D:2      | Reached XP level 4. HP: 27/27 MP: 4/4
  1103 | D:2      | Reached XP level 5. HP: 31/31 MP: 5/5
  1198 | D:2      | Reached skill level 3 in Fighting
  1267 | D:2      | Reached XP level 6. HP: 37/37 MP: 6/6
  1444 | D:2      | 1444 ||| UPGRADING to amulet of faith.
  1449 | D:2      | 1449 ||| READING scroll labelled ZYGIWI TIWYAFF.
  1449 | D:2      | 1449 ||| ENCHANTING +0 shortbow.
  1476 | D:3      | 1476 ||| FLEEEEING.
  1478 | D:3      | 1478 ||| STAIRDANCE
  1941 | D:3      | Found a faded altar of an unknown god.
  1989 | D:3      | 1989 ||| FLEEEEING.
  2079 | D:3      | 2079 ||| DROPPING ring of magical power.
  2080 | D:3      | 2080 ||| READING 3 scrolls labelled POSHAPRO DUHIOCK.
  2080 | D:3      | 2080 ||| IDENTIFYING fizzy blue potion
  2081 | D:3      | 2081 ||| READING 2 scrolls of identify.
  2081 | D:3      | 2081 ||| IDENTIFYING smoky puce potion
  2082 | D:3      | 2082 ||| READING scroll of identify.
  2082 | D:3      | 2082 ||| IDENTIFYING 2 fuming brown potions
  2083 | D:3      | 2083 ||| DROPPING potion of degeneration.
  2128 | D:4      | Found a hazy altar of Hepliaklqana.
  2195 | D:4      | Found Ijecvec's Overcharged Wands.
  2203 | D:4      | 2203 ||| SHOPLISTING wand of digging (11) (693 gold, have
                  | 87).
  2203 | D:4      | 2203 ||| SHOPLISTING wand of flame (40) (420 gold, have
                  | 87).
  2203 | D:4      | 2203 ||| SHOPLISTING wand of mindburst (30) (630 gold, have
                  | 87).
  2203 | D:4      | 2203 ||| SHOPLISTING wand of polymorph (18) (378 gold, have
                  | 87).
  2203 | D:4      | 2203 ||| SHOPLISTING wand of quicksilver (18) (1134 gold,
                  | have 87).
  2203 | D:4      | 2203 ||| SHOPLISTING wand of roots (18) (648 gold, have
                  | 87).
  2435 | D:4      | Reached skill level 6 in Ranged Weapons
  2576 | D:4      | Found a staircase to the Ecumenical Temple.
  2577 | D:4      | 2577 ||| PLANNING TEMPLE
  2577 | D:4      | 2577 ||| READING scroll labelled OHUNTO HA XAMO.
  2589 | Temple   | Entered the Ecumenical Temple
  2590 | Temple   | 2590 ||| PLANNING D:1-11
  2666 | D:4      | HP: 7/37 [centaur/arrow (13)]
  2667 | D:4      | 2667 ||| READING scroll of teleportation.
  2667 | D:4      | HP: 2/37 [centaur/arrow (5)]
  2668 | D:4      | 2668 ||| DRINKING potion of heal wounds.
  3061 | D:5      | Entered Level 5 of the Dungeon
  3091 | D:5      | 3091 ||| FLEEEEING.
  3145 | D:5      | 3145 ||| RETREEEEATING.
  3159 | D:5      | Reached XP level 7. HP: 37/43 MP: 7/7
  3186 | D:5      | 3186 ||| FLEEEEING.
  3190 | D:5      | 3190 ||| STAIRDANCE
  3250 | D:4      | 3250 ||| READING scroll of identify.
  3250 | D:4      | 3250 ||| IDENTIFYING fizzy purple potion
  3306 | D:5      | 3306 ||| RETREEEEATING.
  3306 | D:5      | HP: 4/43 [black bear (10)]
  3306 | D:5      | Slain by a black bear

Levels and vault maps discovered:
D:1:      wheals_arrival_linesprint, layout_basic, minmay_tromino_i4
D:2:      layout_rooms, basic_altar, grunt_decor_junction, uniq_sigmund
D:3:      layout_loops_ring, basic_ecumenical_altar, st_stairs_14
D:4:      layout_basic, mainiacjoe_overflow_24_doors,
          minmay_temple_entry_antechambers, nicolae_shop_overcharged_wands
D:5:      layout_rooms, uniq_edmund
Temple:   mainiacjoe_temple_cubbyholes

Skill      XL: |  1  2  3  4  5  6 |
---------------+-------------------+-----
Ranged Weapons | 5 6 |  6.8
Armour         | 4 |  4.5
Fighting       | 3 4 |  4.1
Dodging        | |  1.5
Stealth        | |  1.1

Action                     |  1- 3 |  4- 6 |  7- 9 || total
---------------------------+-------+-------+-------++-------
   Fire: Shortbow          |    93 |   207 |    49 ||   349
    Use: Scroll            |     4 |     6 |     1 ||    11
         Potion            |     1 |     1 |       ||     2
 Armour: Leather armour    |    33 |       |       ||    33
         Ring mail         |    13 |    68 |    65 ||   146
  Dodge: Dodged            |    15 |    57 |    49 ||   121

Table legend:
 A = Non-vault XP
 B = Vault XP
 C = Vault XP percentage of total XP
 D = Non-vault monster count
 E = Vault monster count
 F = Vault count percentage of total count
                 A         B        C        D         E       F
            +---------+---------+-------+---------+---------+-------
      Total |     610 |     249 |  29.0 |      74 |       6 |   7.5
            +---------+---------+-------+---------+---------+-------
        D:1 |      31 |      21 |  40.4 |      16 |       4 |  20.0
        D:2 |      59 |     226 |  79.3 |      15 |       1 |   6.2
        D:3 |      80 |       2 |   2.4 |      15 |       1 |   6.2
        D:4 |     165 |       0 |   0.0 |      19 |       0 |   0.0
        D:5 |     275 |       0 |   0.0 |       9 |       0 |   0.0
            +---------+---------+-------+---------+---------+-------
